Map: Lightshade LE

Players

ViBE - Winner!

  • Race: Zerg Zerg
  • League: Platinum
  • Spawn Location: 5:00

Siniestro

  • Race: Protoss Protoss
  • League: Platinum
  • Spawn Location: 11:00

VOD

Have the link to the VOD?

Description

Time

  • Played on: March 26, 2021, 9:39 p.m.
  • Length: 7:31
Show
View Real Time Build Order
Export as new Build Order

ViBE Zerg - Winner!

Build Orders: Hatch First 

Get SALT Encoding   

  12  0:01  Drone  
  13  0:14  Overlord  
  13  0:19  Drone  
  14  0:33  Drone x2  
  16  0:51  Hatchery  
  16  0:52  Drone  
  16  1:02  Drone x2  
  18  1:13  Spawning Pool  
  18  1:15  Drone  
  18  1:23  Drone  
  19  1:31  Drone  
  20  1:37  Extractor  
  20  1:47  Drone  
  20  2:00  Queen  
  22  2:03  Queen  
  22  2:07  Overlord  
  24  2:09  Drone x2  
  26  2:18  Drone, Spine Crawler  
  26  2:19  Drone  
  27  2:26  Drone x2  
  29  2:41  Drone x2  
  31  2:45  Lair  
  31  2:46  Queen  
  31  2:48  Drone x2  
  35  3:02  Drone  
  35  3:04  Overlord  
  36  3:14  Overlord  
  36  3:22  Drone x7  
  36  3:25  Overlord  
  43  3:30  Roach Warren  
  43  3:32  Evolution Chamber  
  41  3:36  Drone x2  
  43  3:42  Drone  
  43  3:43  Extractor x2  
  42  3:49  Drone x2  
  42  3:51  Drone x3  
  42  3:52  Drone  
  42  3:55  Drone  
  49  4:00  Hatchery  
  48  4:04  Queen  
  50  4:13  Queen  
  52  4:25  Hydralisk Den  
  52  4:30  Drone  
  52  4:31  Drone x8  
  60  4:35  Drone  
  60  4:36  Drone  
  60  4:44  Queen  
  60  4:49  Queen  
  60  4:52  Drone  
  60  4:55  Spore Crawler  
  60  4:56  Spore Crawler  
  60  4:59  Drone x3  
  60  5:04  Overlord  
  60  5:11  Overlord  
  60  5:14  Grooved Spines  
  60  5:15  Zerg Missile Weapons Level 1, Glial Reconstitution  
  58  5:21  Drone  
  58  5:22  Drone x3  
  58  5:26  Spore Crawler  
  58  5:28  Queen  
  63  5:36  Drone  
  63  5:37  Drone x5  
  63  5:39  Overlord  
  67  5:49  Hydralisk x4  
  65  5:51  Hydralisk  
  74  5:57  Queen  
  74  5:59  Queen  
  74  6:00  Hydralisk  
  79  6:07  Hydralisk  
  79  6:11  Queen  
  81  6:12  Overlord x2  
  81  6:15  Hydralisk  
  81  6:16  Hydralisk  
  81  6:18  Hydralisk  
  82  6:20  Hydralisk  
  82  6:22  Hydralisk  
  82  6:24  Hydralisk  
  82  6:28  Overlord  
  82  6:31  Hydralisk x2  
  84  6:33  Hydralisk  
  84  6:37  Hydralisk  
  84  6:40  Queen  
  84  6:44  Queen  
  84  6:46  Queen  
  86  6:58  Extractor, Drone x3  
  86  6:59  Drone x2  
  86  7:00  Drone  
  91  7:06  Extractor x2  
  91  7:08  Drone x2  
  91  7:10  Drone  
  91  7:11  Drone x2  
  91  7:12  Drone x3  
  97  7:16  Hatchery  
Show
View Real Time Build Order
Export as new Build Order

Siniestro Protoss 

Build Orders: Proxy Void Ray 

Get SALT Encoding   

  12  0:11  Pylon  
  12  0:16  Probe  
  13  0:32  Gateway  
  13  0:34  Probe (Chrono Boost)  
  14  0:40  Assimilator  
  14  0:44  Probe (Chrono Boost)  
  14  0:49  Probe (Chrono Boost)  
  16  1:00  Forge  
  16  1:02  Probe  
  17  1:14  Probe  
  18  1:25  Cybernetics Core  
  18  1:28  Probe  
  19  1:40  Probe  
  19  1:45  Photon Cannon  
  20  1:52  Probe  
  21  1:57  Pylon  
  21  2:04  Probe  
  21  2:05  Assimilator  
  22  2:17  Probe  
  22  2:21  Shield Battery  
  23  2:29  Photon Cannon  
  24  2:30  Photon Cannon  
  23  2:49  Stargate  
  23  2:53  Shield Battery  
  23  3:03  Shield Battery  
  23  3:05  Shield Battery  
  23  3:08  Shield Battery  
  23  3:24  Void Ray (Chrono Boost)  
  23  3:30  Pylon  
  27  3:51  Void Ray (Chrono Boost)  
  27  3:55  Stargate  
  31  4:46  Void Ray (Chrono Boost)  
  31  4:47  Void Ray (Chrono Boost)  
  35  5:20  Void Ray (Chrono Boost)  
  39  5:30  Pylon  
  39  5:32  Pylon  
  39  5:55  Void Ray  
  35  7:05  Nexus  
  35  7:10  Assimilator  
  35  7:15  Assimilator  
Tags
 
Matchup
PvZ
Player
ViBE
Replay Pack
Gold_League
Spawn Locations
Cross Positions
Add a new tag
Caveats
  • Supply blocks, unpowered buildings, or Contaminate may cause inaccurate times.
  • Supply counts are checked every 10 seconds.